 Dungeon Crawl Stone Soup version 0.29.1-14-g9c671dbff4 (webtiles) character file.

Game seed: 1972901824723193137

2475 mikeweasel the Arsonist (level 9, -2/64 HPs)
             Began as a Yellow Draconian Fire Elementalist on Feb 16, 2023.
             Was a Follower of Vehumet.
             Slain by a hornet (3 damage)
             ... on level 8 of the Dungeon.
             The game lasted 00:55:48 (7714 turns).

mikeweasel the Arsonist (DrFE)                      Turns: 7714, Time: 00:55:49

Health: -2/64      AC: 12    Str: 13    XL:     9   Next: 27%
Magic:  11/28      EV: 13    Int: 20    God:    Vehumet [*.....]
Gold:   394        SH:  0    Dex: 12    Spells: 6/22 levels left

rFire   + + .      SeeInvis .   t - staff of fire
rCold   + . .      Faith    .   j - orb {guile}
rNeg    + . .      Spirit   .   (body armour unavailable)
rPois   +          Reflect  .   n - +1 hat "Zausurud" {rElec rN+ Int+3}
rElec   +          Harm     .   d - +0 cloak
rCorr   +          Rampage  +   E - +1 pair of gloves of Iniuj {Rampage rPois rC+}
Will    .....                   w - +0 pair of boots
Stlth   ++........              (no amulet)
HPRegen 0.20/turn               b - ring of magical power
MPRegen 0.21/turn               B - ring of protection from fire

@: lethally poisoned (-2 -> -7), very slightly contaminated, slowed, very slow
A: spit acid, AC +7, unfitting armour, cold-blooded, acid resistance
a: Breathe Acid, Renounce Religion


You were on level 8 of the Dungeon.
You worshipped Vehumet.
Vehumet was aware of your devotion.
You visited 2 branches of the dungeon, and saw 11 of its levels.

You collected 394 gold pieces.

Inventory:

Hand Weapons
 r - a +5 dagger of venom
Missiles
 x - 12 poisoned darts (quivered)
Armour
 d - a +0 cloak (worn)
 j - an orb of guile (worn)
 n - the +1 hat "Zausurud" (worn) {rElec rN+ Int+3}
   (You acquired it on level 2 of the Dungeon)

   Int:       It affects your intelligence (+3).
   rElec:     It insulates you from electricity.
   rN:        It protects you from negative energy.
 w - a +0 pair of boots (worn)
 E - the +1 pair of gloves of Iniuj (worn) {Rampage rPois rC+}
   (You acquired it on level 6 of the Dungeon)

   rC:        It protects you from cold.
   rPois:     It protects you from poison.
   Rampage:   It bestows one free step when moving towards enemies.
Magical Staves
 t - a staff of fire (weapon)
Jewellery
 b - a ring of magical power (left hand)
 B - a ring of protection from fire (right hand)
Wands
 k - a wand of polymorph (10)
 o - a wand of paralysis (4)
 p - a wand of flame (20)
 v - a wand of mindburst (11)
 C - a wand of iceblast (14)
Scrolls
 a - 2 scrolls of identify
 c - a scroll of brand weapon
 h - a scroll of butterflies
 s - 3 scrolls of teleportation
 y - a scroll of fear
 A - a scroll of magic mapping
Potions
 e - 2 potions of might
 f - a potion of invisibility
 g - a potion of brilliance
 l - a potion of haste {unknown}
 m - a potion of resistance {unknown}
 q - a potion of curing
 u - 2 potions of berserk rage {unknown}
 z - a potion of experience {unknown}


   Skills:
 + Level 1.0 Fighting
 + Level 1.3 Short Blades
 + Level 1.1 Staves
 + Level 3.9 Dodging
 + Level 3.5 Stealth
 + Level 7.0 Spellcasting
 + Level 3.4 Conjurations
 + Level 8.3 Fire Magic


You had 6 spell levels left.
You knew the following spells:

 Your Spells              Type           Power      Damage    Failure   Level
a - Foxfire               Conj/Fire      100%       2x1d9     1%          1
b - Scorch                Fire           100%       2d10      1%          2
c - Flame Wave            Conj/Fire      45%        2d12      9%          4
d - Summon Lightning Spi  Summ/Air       7%         N/A       67%         4
e - Fireball              Conj/Fire      22%        3d10      24%         5

Your spell library contained the following spells:

 Spells                   Type           Power      Damage    Failure   Level
 Sandblast                Erth           14%        2d6       10%         1
 Conjure Flame            Conj/Fire      45%        6-21      2%          3
 Inner Flame              Hex/Fire       35%        N/A       4%          3
 Beastly Appendage        Tmut           14%        N/A       10%         1
 Necrotise                Necr           28%        1d5       10%         1
 Wereblood                Tmut           7%         N/A       14%         2
 Spider Form              Tmut/Pois      7%         N/A       28%         3
 Vampiric Draining        Necr           7%         2d6       28%         3
 Iskenderun's Battlesphe  Conj           20%        2d7       54%         5
 Agony                    Necr           7%         N/A       95%         5
 Conjure Ball Lightning   Conj/Air       6%         3x3d6     100%        6
 Orb of Destruction       Conj           10%        9d6       100%        7
 Storm Form               Tmut/Air       3%         N/A       100%        7
 Maxwell's Capacitive Co  Air            3%         ∞         100%        8


Dungeon Overview and Level Annotations

Branches:
Dungeon (10/15)            Temple (1/1) D:5
   Lair: D:8-11         Orc: D:9-12

Altars:
Cheibriados
Dithmenos
Elyvilon
Fedhas
Gozag
Kikubaaqudgha
Makhleb
Nemelex Xobeh
Okawaru
Qazlal
Ru
Sif Muna
Trog
Uskayaw
Vehumet
Yredelemnul
Zin
The Shining One

Annotations:
D:9 Gastronok


Innate Abilities, Weirdness & Mutations

You can spit globs of acid.
Your golden yellow scales are hard. (AC +7)
You cannot fit into any form of body armour.
You are cold-blooded and may be slowed by cold attacks.
You are resistant to acid. (rCorr)


Message History

The hornet stings you but does no damage.
The wraith hits you.
* * * LOW HITPOINT WARNING * * *
The wraith drains your vigour!
You feel as though you will be slow longer.
You feel better.
The hornet stings you but does no damage.
The hornet completely misses you. The wraith hits you but does no damage.
The hornet stings you!
* * * LOW HITPOINT WARNING * * *
Okay, then.
Casting: Flame Wave (dangerous; 9% risk of failure)
Confirm with . or Enter, or press ? or * to list all spells.
Casting: Flame Wave (dangerous; 9% risk of failure)
Press: ? - help, Dir - look around, f - activate You feel a surge of power!
You miscast Flame Wave.
You are caught in a fiery explosion.
You resist.
* * * LOW HITPOINT WARNING * * *
The hornet barely misses you. The wraith hits you but does no damage.
The hornet stings you!
* * * LOW HITPOINT WARNING * * *
You are lethally poisoned!
You feel as though you will be slow longer.
The wraith misses you.
Casting: Flame Wave (dangerous; 9% risk of failure)
Confirm with . or Enter, or press ? or * to list all spells.
Casting: Flame Wave (dangerous; 9% risk of failure)
Press: ? - help, Dir - look around, f - activate You feel a surge of power!
A wave of flame ripples out!
The flame wave engulfs the hornet!
The hornet is severely wounded.
The flame wave engulfs the wraith!
You destroy the wraith!
Vehumet accepts your kill.
You feel your power returning. (Press . to intensify the flame waves.)
* * * LOW HITPOINT WARNING * * *
You feel very sick. The hornet stings you.
You die...

## . #.####
.####.#..
........#
.......@#
.###..y...#
#...###..#
#... .#
#... .>
#..# ## ...
##..


You could see a hornet.

Vanquished Creatures
  A wraith (D:8)
  Duvessa (D:7)
  A water moccasin (D:7)
  An orc warrior (D:7)
  A black bear (D:5)
  A sky beast (D:7)
  3 ice beasts
  2 ogres
  3 phantoms
  A kobold brigand (D:7)
  3 gnoll sergeants
  Dowan (D:7)
  6 killer bees (D:7)
  A howler monkey (D:5)
  5 hounds
  3 jellies
  An orc priest (D:7)
  3 iguanas
  2 orc wizards (D:7)
  18 gnolls
  7 adders
  A white imp (D:5)
  2 ufetubi
  A worm (D:4)
  4 dart slugs
  9 orcs
  6 bats
  6 endoplasms
  2 giant cockroaches
  6 goblins
  5 hobgoblins
  11 kobolds
  5 ball pythons
  A frilled lizard (D:1)
  A rat (D:1)
125 creatures vanquished.

Vanquished Creatures (collateral kills)
  A foxfire (D:1)
1 creature vanquished.

Vanquished Creatures (others)
  219 foxfires
  11 plants
230 creatures vanquished.

Grand Total: 356 creatures vanquished

Notes
Turn   | Place    | Note
-------+----------+-------------------------------------------
     0 | D:1      | mikeweasel the Draconian Fire Elementalist began the quest
                  | for the Orb.
     0 | D:1      | Reached XP level 1. HP: 14/14 MP: 3/3
   409 | D:1      | Reached XP level 2. HP: 20/20 MP: 5/5
   589 | D:1      | Found a faded altar of an unknown god.
  1564 | D:2      | Learned a level 2 spell: Scorch
  1580 | D:2      | Identified a scroll of acquirement
  1580 | D:2      | Acquired the +1 hat "Zausurud" {rElec rN+ Int+3}
  1779 | D:2      | Reached XP level 3. HP: 26/26 MP: 6/6
  2457 | D:3      | Reached XP level 4. HP: 33/33 MP: 7/7
  2816 | D:4      | Reached skill level 1 in Staves
  3170 | D:4      | Reached XP level 5. HP: 38/38 MP: 9/9
  3296 | D:4      | Reached skill level 4 in Fire Magic
  3425 | D:4      | Reached skill level 1 in Short Blades
  3594 | D:4      | Reached XP level 6. HP: 42/46 MP: 10/10
  3751 | D:4      | Learned a level 5 spell: Fireball
  3862 | D:4      | Identified the +3 leather armour of the Heavens {rElec
                  | rCorr Dex+4 Slay-6}
  4102 | D:5      | Entered Level 5 of the Dungeon
  4150 | D:5      | Noticed an ice beast
  4156 | D:5      | Killed an ice beast
  4204 | D:5      | Learned a level 4 spell: Summon Lightning Spire
  4298 | D:5      | Reached skill level 5 in Fire Magic
  4472 | D:5      | Found a staircase to the Ecumenical Temple.
  4479 | D:5      | Your scales start taking on a golden yellow colour.
  4479 | D:5      | Reached XP level 7. HP: 51/51 MP: 13/13
  4479 | D:5      | Gained mutation: You are resistant to acid. (rCorr) [Yellow
                  | Draconian growth]
  4494 | Temple   | Entered the Ecumenical Temple
  4627 | Temple   | Became a worshipper of Vehumet
  5027 | D:5      | Reached skill level 6 in Fire Magic
  5568 | D:6      | Reached XP level 8. HP: 46/58 MP: 12/15
  5959 | D:6      | Reached skill level 5 in Spellcasting
  6013 | D:6      | Found a burning altar of Makhleb.
  6028 | D:6      | Acquired the +1 pair of gloves of Iniuj {Rampage rPois rC+}
  6874 | D:7      | Reached * piety under Vehumet
  6874 | D:7      | Offered knowledge of Sandblast by Vehumet.
  6876 | D:7      | Reached skill level 7 in Fire Magic
  7251 | D:7      | Reached XP level 9. HP: 63/63 MP: 19/19
  7256 | D:7      | Learned a level 4 spell: Flame Wave
  7256 | D:7      | Noticed Dowan
  7258 | D:7      | Noticed Duvessa
  7260 | D:7      | Killed Dowan
  7270 | D:7      | Killed Duvessa
  7271 | D:7      | Reached skill level 1 in Fighting
  7399 | D:7      | Reached skill level 8 in Fire Magic
  7667 | D:7      | You fall into a shaft and drop 3 floors!
  7667 | D:10     | Entered Level 10 of the Dungeon
  7681 | D:10     | Noticed a troll
  7702 | D:9      | Noticed Gastronok
  7714 | D:8      | HP: 1/64 [poisoned by a hornet]
  7714 | D:8      | Slain by a hornet

Illustrated notes

Levels and vault maps discovered:
D:1:      lemuel_arrival_river_passageway, layout_loops_ring,
          hellmonk_ecumenical_altar_blasted, serial_bayou_lagoon_a
D:2:      layout_loops_cross
D:3:      layout_basic
D:4:      layout_loops_corners, grunt_ministairs_3, kennysheep_generic_room_10
D:5:      layout_rooms, temple_green, serial_bayou_pond_d,
          roderic_roman_lattice, kennysheep_generic_room_8
D:6:      layout_layer_cave, old_standard_altar, minmay_misc_feat_more_columns,
          hangedman_decor_lopped
D:7:      layout_basic, minmay_holes, uniq_duvessa
D:8:      layout_loops_ring, uniq_psyche
D:9:      layout_loops_ring, beargit_hepliaklqana_dungeon_heroes,
          mainiacjoe_overflow_divided_tiny, kennysheep_generic_room_12,
          uniq_gastronok
D:10:     layout_long_grid, kennysheep_little_box, erik_lair_island,
          nicolae_stop_n_shop_1
Temple:   minmay_crystal_spiral_temple

Skill      XL: |  1  2  3  4  5  6  7  8  9 |
---------------+----------------------------+-----
Dodging        | 2 3 |  3.9
Stealth        | 2 3 |  3.5
Staves         | 1 |  1.1
Conjurations   | 2 3 |  3.4
Fire Magic     | 4 5 6 7 8 |  8.3
Short Blades   | 1 |  1.3
Spellcasting   | 3 4 6 7 |  7.0
Fighting       | 1 |  1.0

Action                   |  1- 3 |  4- 6 |  7- 9 || total
-------------------------+-------+-------+-------++-------
Melee: Tailslap          |     5 |    12 |     2 ||    19
       Dagger            |     2 |    33 |       ||    35
       Short sword       |    13 |       |       ||    13
       Staff             |    15 |    19 |    25 ||    59
       Punch             |     1 |       |       ||     1
 Cast: Foxfire           |    40 |    34 |    62 ||   136
       Scorch            |     4 |    24 |    60 ||    88
       Fireball          |       |       |     2 ||     2
       Flame Wave        |       |       |     3 ||     3
 Abil: Breathe Acid      |       |       |     1 ||     1
Evoke: Wand              |       |       |     2 ||     2
  Use: Scroll            |     8 |     5 |     9 ||    22
       Potion            |       |       |     6 ||     6
 Stab: Sleeping          |       |     3 |       ||     3
Armor: Skin              |    12 |    18 |    31 ||    61
Dodge: Dodged            |    30 |    45 |    45 ||   120
